 Dungeon Crawl Stone Soup version 0.29.1-12-g30fa7ad0bf (webtiles) character file.

Game seed: 332659550886028350

679 DemonSlayer the Digger (level 7, -7/48 HPs)
             Began as a Demonspawn Earth Elementalist on Dec 28, 2022.
             Killed from afar by an orc wizard (10 damage)
             ... with a puff of flame
             ... on level 4 of the Dungeon.
             The game lasted 00:09:55 (5037 turns).

DemonSlayer the Digger (DsEE)                       Turns: 5037, Time: 00:09:56

Health: -7/48      AC:  3    Str:  7 (8)  XL:     7   Next: 34%
Magic:  14/14      EV: 31    Int: 24 (25) God:
Gold:   202        SH:  3    Dex: 11 (13) Spells: 7/16 levels left

rFire   . . .      SeeInvis .   x - +0 hammer
rCold   . . .      Faith    .   B - +0 buckler
rNeg    . . .      Spirit   .   a - +0 robe
rPois   +          Reflect  .   (helmet restricted)
rElec   .          Harm     .   w - +0 cloak {rPois}
rCorr   .          Rampage  .   (no gloves)
Will    .....                   (no boots)
Stlth   ++........              A - amulet of the acrobat
HPRegen 0.16/turn               r - +4 ring of evasion
MPRegen 0.28/turn               y - +6 ring of intelligence

@: acrobatic, unable to read
A: antennae 1, claws 1, magic regeneration, demonic magic 1, inability to read
after injury 1
a: no special abilities


You were on level 4 of the Dungeon.
You visited 2 branches of the dungeon, and saw 5 of its levels.

You collected 202 gold pieces.

Inventory:

Hand Weapons
 x - a +0 hammer (weapon)
Armour
 a - a +0 robe (worn)
 w - a +0 cloak of poison resistance (worn)
 B - a +0 buckler (worn)
Jewellery
 r - a +4 ring of evasion (left claw)
 y - a +6 ring of intelligence (right claw)
 A - an amulet of the acrobat (around neck)
Scrolls
 b - a scroll of enchant armour {unknown}
 d - a scroll of torment {unknown}
 e - 3 scrolls of immolation
 g - 3 scrolls of identify {unknown}
 i - a scroll of enchant weapon {unknown}
 l - 3 scrolls of teleportation
 n - 4 scrolls of vulnerability {unknown}
 p - 3 scrolls of fear {unknown}
 q - 2 scrolls of poison {unknown}
 u - a scroll of blinking {unknown}
 z - a scroll of magic mapping {unknown}
Potions
 h - 2 potions of magic
 j - a potion of might
 k - 2 potions of lignification
 m - a potion of curing {unknown}
 o - a potion of degeneration
 t - a potion of attraction {unknown}
 v - a potion of invisibility


   Skills:
 + Level 1.3 Fighting
 + Level 0.6 Maces & Flails
 + Level 0.2 Throwing
 + Level 2.6 Dodging
 + Level 2.3 Stealth
 + Level 5.0 Spellcasting
 + Level 0.8 Transmutations
 + Level 5.4 Earth Magic


You had 7 spell levels left.
You knew the following spells:

 Your Spells              Type           Power      Damage    Failure   Level
a - Sandblast             Erth           64%        2d14      1%          1
b - Passwall              Tmut/Erth      17%        N/A       4%          2
c - Stone Arrow           Conj/Erth      38%        3d9       12%         3
d - Teleport Other        Tloc           6%         N/A       34%         3

Your spell library contained the following spells:

 Spells                   Type           Power      Damage    Failure   Level
 Petrify                  Tmut/Erth      21%        N/A       32%         4
 Gell's Gravitas          Tloc           6%         N/A       34%         3
 Lesser Beckoning         Tloc           6%         N/A       34%         3


Dungeon Overview and Level Annotations

Branches:
Dungeon (4/15)             Temple (1/1) D:4

Altars:
Ashenzari
Cheibriados
Dithmenos
Fedhas
Gozag
Kikubaaqudgha
Makhleb
Qazlal
Ru
Sif Muna
Trog
Uskayaw
Vehumet
Xom
Yredelemnul

Annotations:
D:3 1 runed translucent door


Innate Abilities, Weirdness & Mutations

You have a pair of small antennae on your head.
You have sharp fingernails.
You regenerate magic rapidly.
Spells you cast may paralyse adjacent enemies.
You occasionally lose the ability to read scrolls when taking damage.


Message History

You hear some strange, mumbled words.
Something tries to affect you, but you resist.
Something hits you but does no damage.
You attack the rock wall.
You feel less confused. Something hits you but does no damage.
Something hits you.
* * * LOW HITPOINT WARNING * * *
There's something in the way.
There's something in the way.
There's something in the way.
There's something in the way.
You are too injured to fight recklessly!
There's something in the way.
You cannot move.
You cannot move.
It was a potion of degeneration.
There was something very wrong with that liquid.
You feel weakened.
You feel dopey.
You feel clumsy. You block something's attack.
It was a potion of invisibility.
You fade into invisibility!
Your transformation is almost over.
Something hits you but does no damage. x2
It was a potion of mutation.
You feel extremely strange.
You occasionally lose the ability to read scrolls when taking damage.
Something hits you but does no damage.
It was a potion of cancellation.
Your magical effects are unravelling.
You feel magically purged.
You feel less wooden.
Your +0 cloak of poison resistance unmelds from your body.
Your +0 robe unmelds from your body.
You feel resistant to poison.
You flicker back into view.
You feel a little less mighty now. Something barely misses you.
Something hits you.
* * * LOW HITPOINT WARNING * * *
Okay, then.
You hear some strange, mumbled words.
A puff of flame appears from out of thin air!
The puff of flame hits you!
You feel threatened and lose the ability to read scrolls!
You die...

###.....## ..#..#...##
#....##...# ##....#...#
###.......# #
#..###<.######## ####
###..###.......... ...#
...........##########.#.#
..#.###.).......@.{)....#
###.# #...##########.#..#
#.# #.#.# #..# ## #.#
#...# #.o.## #.# ###.#
#.#..{.## #.# #.# #.#$..#
#.#####.#{ ....(#
#.##....# .#8..$##
#....##.# ##..(.##


There were no monsters in sight!

Vanquished Creatures
  An orc warrior (D:4)
  A black bear (D:4)
  A necrophage (D:4)
  An orc priest (D:4)
  Crazy Yiuf (D:3)
  2 hounds (D:4)
  A jelly (D:4)
  3 iguanas
  8 gnolls
  5 adders
  3 worms
  3 dart slugs
  6 orcs
  9 ball pythons
  4 bats
  6 endoplasms
  2 giant cockroaches
  6 goblins
  7 hobgoblins
  6 jackals (D:1)
  4 quokkas
  A frilled lizard (D:3)
  4 kobolds
  A kobold skeleton (D:3)
  6 rats
92 creatures vanquished.

Vanquished Creatures (others)
  3 fungi (D:1)
  4 plants (D:1)
7 creatures vanquished.

Grand Total: 99 creatures vanquished

Notes
Turn   | Place    | Note
-------+----------+-------------------------------------------
     0 | D:1      | DemonSlayer the Demonspawn Earth Elementalist began the
                  | quest for the Orb.
     0 | D:1      | Reached XP level 1. HP: 13/13 MP: 3/3
   136 | D:1      | Discovered your monstrous ancestry.
   136 | D:1      | Gained mutation: You have sharp fingernails. [demonic
                  | ancestry]
   136 | D:1      | Reached XP level 2. HP: 19/19 MP: 1/5
   139 | D:1      | Learned a level 2 spell: Passwall
   744 | D:1      | Found a faded altar of an unknown god.
  1288 | D:2      | Gained mutation: You regenerate magic rapidly. [demonic
                  | ancestry]
  1288 | D:2      | Reached XP level 3. HP: 24/24 MP: 4/7
  1358 | D:2      | Reached XP level 4. HP: 22/30 MP: 3/8
  2289 | D:2      | Learned a level 3 spell: Stone Arrow
  2293 | D:2      | Learned a level 3 spell: Teleport Other
  2396 | D:3      | Gained mutation: You have a pair of small antennae on your
                  | head. [demonic ancestry]
  2396 | D:3      | Reached XP level 5. HP: 35/35 MP: 7/10
  2459 | D:3      | Found a hide-covered altar of Uskayaw.
  2608 | D:3      | Noticed a human
  2609 | D:3      | Found a runed translucent door.
  2747 | D:3      | Found a basalt altar of Yredelemnul.
  3136 | D:3      | Found a runed translucent door.
  3137 | D:3      | Noticed Crazy Yiuf
  3172 | D:3      | Killed Crazy Yiuf
  3173 | D:3      | Reached skill level 1 in Fighting
  3808 | D:4      | Gained mutation: Spells you cast may paralyse adjacent
                  | enemies. [demonic ancestry]
  3808 | D:4      | Reached XP level 6. HP: 43/43 MP: 8/12
  4161 | D:4      | Reached XP level 7. HP: 48/48 MP: 11/14
  4195 | D:4      | Reached skill level 5 in Earth Magic
  4333 | D:4      | Found a staircase to the Ecumenical Temple.
  4798 | Temple   | Entered the Ecumenical Temple
  5021 | D:4      | Reached skill level 5 in Spellcasting
  5035 | D:4      | Gained mutation: You occasionally lose the ability to read
                  | scrolls when taking damage. [potion of mutation]
  5037 | D:4      | Killed from afar by an orc wizard

Illustrated notes

Levels and vault maps discovered:
D:1:      elethiomel_arrival_diamonds, layout_basic,
          shapermc_ecumenical_altar_mp_ritualfount
D:2:      minmay_chambers_of_ones, layout_basic, basic_altar
D:3:      layout_rooms, mainiacjoe_overflow_alcove_4, dk_yredelemnul_ordeal,
          st_stairs_10, dk_vineyard_1, roderic_lattice_a,
          uniq_crazy_yiuf_cottage
D:4:      layout_rooms, minmay_temple_entry_statues_fountains,
          nrook_mini_backslash, guppyfry_early_orc_mine
Temple:   nicolae_temple_x_marks_the_god

Skill      XL: |  1  2  3  4  5  6  7 |
---------------+----------------------+-----
Earth Magic    | 3 4 5 |  5.4
Spellcasting   | 3 4 5 |  5.0
Dodging        | 2 |  2.6
Fighting       | 1 |  1.3
Stealth        | 2 |  2.3
Maces & Flails | |  0.6
Throwing       | |  0.2
Transmutations | |  0.8

Action                   |  1- 3 |  4- 6 |  7- 9 || total
-------------------------+-------+-------+-------++-------
Melee: Hand axe          |     7 |     1 |       ||     8
       Mace              |       |     4 |       ||     4
Throw: Dart              |     3 |       |     3 ||     6
 Cast: Sandblast         |    42 |    98 |    23 ||   163
  Use: Potion            |     1 |       |     6 ||     7
       Scroll            |       |       |     2 ||     2
 Stab: Paralysed         |       |     4 |       ||     4
Armor: Robe              |     2 |     2 |       ||     4
       Skin              |       |       |    11 ||    11
Dodge: Dodged            |    15 |    43 |    10 ||    68
Block: Buckler           |       |       |     3 ||     3
